Map: Temple of the Past

Players

heokute

  • Race: Protoss Protoss
  • Spawn Location: 0:00

Odin

  • Race: Protoss Protoss
  • League: Platinum
  • Spawn Location: 0:00

VOD

Have the link to the VOD?

Description

Time

  • Played on: Dec. 27, 2018, 2:40 a.m.
  • Length: 2:30
Show
View Real Time Build Order
Export as new Build Order

heokute Protoss 

Build Orders:  

Get SALT Encoding   

  12  0:06  Probe (Chrono Boost)  
  14  0:20  Probe (Chrono Boost)  
  14  0:38  Probe (Chrono Boost)  
  15  0:52  Probe (Chrono Boost)  
  16  1:06  Probe (Chrono Boost)  
  18  1:20  Probe (Chrono Boost)  
  18  1:34  Probe (Chrono Boost)  
  18  1:36  Zoraya Legion  
  19  2:07  Ancient Nexus  
Show
View Real Time Build Order
Export as new Build Order

Odin Protoss 

Build Orders:  

Get SALT Encoding   

  12  0:04  Probe (Chrono Boost)  
  13  0:28  Gateway  
  13  0:34  Probe (Chrono Boost)  
  14  0:46  Probe (Chrono Boost)  
  15  0:56  Pylon  
  15  0:58  Probe (Chrono Boost)  
  16  1:10  Probe (Chrono Boost)  
  17  1:22  Probe (Chrono Boost)  
  18  1:34  Probe (Chrono Boost)  
  19  1:40  Cybernetics Core, Assimilator  
  19  1:49  Assimilator  
  20  1:50  Probe (Chrono Boost)  
  20  2:02  Probe (Chrono Boost)  
  21  2:14  Probe (Chrono Boost)  
Tags
 
Add a new tag
Caveats
  • Supply blocks, unpowered buildings, or Contaminate may cause inaccurate times.
  • Supply counts are checked every 10 seconds.